 Dungeon Crawl Stone Soup version 0.23-a0-577-g2b1de94 (webtiles) character file.

933061 XanderDroid the Axe Maniac (level 27, -1/273 HPs)
             Began as a Minotaur Berserker on Dec 1, 2018.
             Was the Champion of Trog.
             Engulfed by the Serpent of Hell's flame (2 damage)
             ... on level 7 of Gehenna on Dec 14, 2018.
             The game lasted 09:02:13 (99370 turns).

XanderDroid the Axe Maniac (Minotaur Berserker)    Turns: 99370, Time: 09:02:14

Health: -1/273     AC: 48    Str: 37 (38) XL:     27
Magic:  44/44      EV: 32    Int:  6 (7)  God:    Trog [******]
Gold:   2220       SH:  0    Dex: 23      Spells: 26/26 levels left

rFire    + + +     SeeInvis +   a - +9 executioner's axe of the Sun {flame, rElec rPois rN+}
rCold    + + +     Gourm    .   (shield currently unavailable)
rNeg     + + .     Faith    .   S - +16 gold dragon scales of the Valley of Death {rPois rF+ rC+ Int+3 Dex+3 Stlth+}
rPois    +         Spirit   .   P - +0 hat of Distant Worlds {rF+ MR+ MP+9}
rElec    +         Reflect  .   D - scarf {rC+ rF+}
rCorr    +         Harm     .   n - +2 pair of gloves {Str+3}
MR       ++++.                  r - +2 pair of boots
Stlth    ..........             o - macabre finger necklace {rN+}
HPRegen  0.00/turn              J - ring of see invisible
MPRegen  0.29/turn              t - ring of Dihus {MR+ EV+3 Dex+3, =R}
                                C - ring of resist corrosion

@: mighty, very slightly contaminated, hasted, invisible, very quick
A: retaliatory headbutt, fangs 1, horns 2, molten scales 1, agile 1, blurry
vision 1, cold resistance 1, deformed body, deterioration 1, poison resistance,
shaggy fur 1, inhibited regeneration
}: 5/15 runes: barnacled, slimy, silver, abyssal, gossamer
a: Berserk, Trog's Hand, Brothers in Arms, Renounce Religion


You were on level 7 of Gehenna.
You worshipped Trog.
Trog was exalted by your worship.
You were not hungry.

You visited 14 branches of the dungeon, and saw 66 of its levels.
You visited the Abyss 3 times.
You also visited: Desolation and Labyrinth.

You collected 12201 gold pieces.
You spent 9981 gold pieces at shops.

Inventory:

Hand Weapons
 a - the +9 executioner's axe of the Sun (weapon) {flame, rElec rPois rN+}
   (Trog gifted it to you on level 3 of the Crypt)

   It has been specially enchanted to burn those struck by it, causing extra
   injury to most foes and up to half again as much damage against particularly
   susceptible opponents.
   Big, fiery blades are also staple armaments of hydra-hunters.
   It insulates you from electricity.
   It protects you from poison.
   It protects you from negative energy.
 b - a +9 antimagic executioner's axe
 c - the +7 lajatang of Order {silver, rMut}
   (You bought it in a shop on level 5 of the Vaults)

   It protects you from mutation.
Missiles
 N - 13 throwing nets (quivered)
Armour
 n - a +2 pair of gloves of strength (worn)
 r - a +2 pair of boots (worn)
 D - a scarf of resistance (worn)
 P - the +0 hat of Distant Worlds (worn) {rF+ MR+ MP+9}
   (You bought it in a shop on level 1 of the Elven Halls)

   It protects you from fire.
   It affects your resistance to hostile enchantments.
   It affects your magic capacity (+9).
 S - the +16 gold dragon scales of the Valley of Death (worn) {rPois rF+ rC+ Int+3 Dex+3 Stlth+}
   (You found it in the Desolation of Salt)

   It affects your intelligence (+3).
   It affects your dexterity (+3).
   It protects you from fire.
   It protects you from cold.
   It protects you from poison.
   It makes you more stealthy.
Jewellery
 k - an uncursed ring of flight
 o - the macabre finger necklace (around neck) {rN+}
   (You took it off a deep elf blademaster on level 3 of the Elven Halls)

   [amulet of nothing]

   It protects you from negative energy.
 t - the ring of Dihus (right hand) {MR+ EV+3 Dex+3, =R}
   (You found it on level 3 of the Shoals)

   [ring of evasion]

   It affects your evasion (+3).
   It affects your dexterity (+3).
   It affects your resistance to hostile enchantments.
 C - a ring of resist corrosion (on amulet)
 J - a ring of see invisible (left hand)
 L - the ring of Jealousy {rF+ rN+ MR+}
   (You bought it in a shop on level 5 of the Vaults)

   [ring of protection from fire]

   It protects you from fire.
   It protects you from negative energy.
   It affects your resistance to hostile enchantments.
Wands
 f - a wand of digging (12)
 p - a wand of iceblast (39)
 z - a wand of flame (106)
 K - a wand of paralysis (38)
 T - a wand of disintegration (60)
Scrolls
 g - 6 scrolls of blinking
 h - 41 scrolls of teleportation
 j - 11 scrolls of enchant armour
 m - 7 scrolls of summoning
 u - 5 scrolls of holy word
 y - 5 scrolls of silence
 B - 3 scrolls of magic mapping
 E - 8 scrolls of immolation
 F - 5 scrolls of identify
 H - 12 scrolls of fog
 I - 31 scrolls of remove curse
 U - 10 scrolls of enchant weapon
Potions
 e - 8 potions of ambrosia
 i - 14 potions of lignification
 l - 14 potions of curing
 q - 4 potions of resistance
 w - 5 potions of heal wounds
 A - 7 potions of haste
 G - 12 potions of might
 M - 6 potions of invisibility
Miscellaneous
 d - 4 phantom mirrors
 O - the horn of Geryon
Comestibles
 s - 75 rations


   Skills:
 O Level 27 Fighting
 O Level 27 Axes
   Level 2.3(24.8) Polearms
 O Level 27 Staves
 * Level 17.0 Throwing
 O Level 27 Armour
 O Level 27 Dodging
 + Level 19.6 Evocations


You had 26 spell levels left.
You didn't know any spells.
Your spell library was empty.

Dungeon Overview and Level Annotations

Branches:
Dungeon (15/15)            Temple (1/1) D:7            Lair (6/6) D:10
 Shoals (4/4) Lair:2       Spider (4/4) Lair:2        Slime (5/5) Lair:6
    Orc (2/2) D:10            Elf (3/3) Orc:2        Vaults (5/5) D:14
  Crypt (3/3) Vaults:2       Tomb (0/3) Crypt:3      Depths (5/5) D:15
   Hell (1/1)                 Dis (0/7) Hell            Geh (7/7) Hell
    Coc (0/7) Hell            Tar (0/7) Hell            Zot (5/5) Depths:5

Altars:
Ashenzari
Cheibriados
Dithmenos
Elyvilon
Fedhas
Gozag
Hepliaklqana
Kikubaaqudgha
Makhleb
Nemelex Xobeh
Okawaru
Qazlal
Ru
Sif Muna
Trog
Uskayaw
Vehumet
Wu Jian
Xom
Yredelemnul
Zin
The Shining One
Beogh
Jiyva

Shops:
D:11 (   D:15 [   Orc:2 }%[?   Elf:1 [:   Shoals:1 **   Vaults:3 [
Vaults:5 ?}(=?%!??%=%?   Depths:4 :

Portals:
Hell: Depths:1 Depths:2 Depths:3 Depths:4 Depths:5
Abyss: Depths:3 Depths:4
Pandemonium: Orc:2 Depths:3 Depths:4
Ziggurat: Depths:1

Annotations:
Geh:7 Serpent of
Hell
Zot:5 1 exclusion


Innate Abilities, Weirdness & Mutations

You reflexively headbutt those who attack you in melee.
You have a pair of horns on your head.
You have very sharp teeth.
You are partially covered in molten scales. (AC +2)
You are agile. (Dex +2)
Scrolls take you a little longer to read.
Your flesh is cold resistant. (rC+)
Armour fits poorly on your strangely shaped body.
Your body sometimes deteriorates upon taking damage.
Your system is resistant to poisons. (rPois)
You are covered in fur. (AC +1)
You do not regenerate when monsters are visible.


Message History

The Serpent of Hell completely resists.
The fireball engulfs the hellion.
The hellion dies!
The fireball engulfs the shadow dragon. x2
The shadow dragon dies!
The shadow dragon's corpse disappears in a puff of smoke!
You fade into invisibility!
You are engulfed in blazing flames.
You resist.
* * * LOW HITPOINT WARNING * * *
The shadow dragon is engulfed in blazing flames.
The shadow dragon barely misses you. You furiously retaliate!
You headbutt the shadow dragon. The shadow dragon barely misses you.
The shadow dragon misses you.
You closely miss the Serpent of Hell.
The Serpent of Hell is severely wounded.
You open the shadow dragon like a pillowcase!!!
You burn the shadow dragon!
You kill the shadow dragon!
The shadow dragon's corpse disappears in a puff of smoke!
You are engulfed in blazing flames.
You resist.
You die...

≈≈§§§≈§§...........##..##........
§≈§≈≈.............###''###.......
≈≈≈≈.............####..####......
§≈≈.............####....####.....
§§§..##############......########
§§...# #''####''# ≈....#
###########''####''####### ≈....#
#.....'##§§§.........##'.. .....#
#....')'§@§§...)......''). .....#
#...##'.D§§............'## .....#
#..####################### .....#
#.+##********* *********# .....#
#+§§#*,,,,,,,* *,,,,,,,*# .....#
##§§#*,8,,,,+****+,,,,8,*# .....#
##§§#*,,,,,+++,,+++,,,,,*# ....##
#§§§#*,,,,**+,,,,+**,,,,*# ...##
#§..#*,,,*****++*****,,,*#


You could see the Serpent of Hell.

Vanquished Creatures
  the Royal Jelly (Slime:5)
  6 ancient liches
  Khufu (Crypt:3)
  10 orbs of fire
  Mara (Vaults:3)
  A juggernaut (Depths:4)
  2 greater mummies (Crypt:3)
  The ghost of tstbtto the Slayer, a master GrBe of the Shining One (Crypt:1)
  Bai Suzhen (Crypt:3)
  Frederick (Vaults:5)
  The ghost of zkyp the Slayer, a veteran HOHu of Makhleb (Crypt:1)
  Saint Roka (Vaults:1)
  2 curse toes
  6 Killer Klowns
  A golden dragon (shapeshifter) (Depths:3)
  A caustic shrike (Depths:4)
  Nikola (Vaults:2)
  Geryon (Hell)
  Jory (Vaults:5)
  The ghost of Hoexel the Hoplite, a master VSFi of Hepliaklqana (Zot:4)
  18 golden dragons
  A profane servitor (Abyss:3)
  15 bone dragons
  Arachne (Spider:4)
  12 liches
  22 Brimstone Fiends
  4 electric golems
  2 hellephants
  22 tentacled monstrosities
  25 Orb Guardians (Zot:5)
  The ghost of Moirulut the Tortoise, an adept GrFi of Makhleb (Crypt:1)
  The ghost of Pedghagu the Tortoise, an adept GrFi of Makhleb (Crypt:1)
  The ghost of Funu the Tortoise, an adept GrFi of Makhleb (Crypt:3)
  13 quicksilver dragons
  4 titans
  33 acid blobs
  2 krakens (Shoals:2)
  3 deep elf blademasters
  3 deep elf master archers
  6 ancient champions
  3 sphinxes
  7 death cobs
  16 tentacled starspawn
  An eldritch tentacle (Geh:5)
  The ghost of PeterMcNeter the Martial Artist, an adept DsMo of Sif Muna (Shoals:4)
  11 draconian monks
  18 azure jellies
  7 shadow dragons
  10 tengu reavers
  2 revenants
  2 storm dragons (shapeshifter) (Depths:3)
  Kirke (Shoals:2)
  3 daevas
  22 storm dragons
  18 fire giants
  6 ghost moths
  11 draconian scorchers
  4 deep elf sorcerers
  10 frost giants
  5 balrugs
  8 vault wardens
  The ghost of nikopol the Sorcerer, an adept DEFE of Vehumet (Spider:3)
  2 imperial myrmidons (Desolation)
  2 orc warlords (Orc:1)
  3 cacodemons (Abyss:3)
  10 draconian knights
  2 curse skulls (Crypt:2)
  7 iron dragons
  8 draconian shifters
  The ghost of Lasoid the Eclecticist, an adept DEWz of Sif Muna (Shoals:1)
  8 draconian annihilators
  5 ghouls
  8 emperor scorpions
  2 deep elf elementalists (Elf:3)
  5 draconian stormcallers
  A spriggan defender (Depths:2)
  14 stone giants
  13 ironheart preservers
  21 very ugly things
  14 reapers
  7 vampire knights
  6 war gargoyles
  11 green draconians
  The ghost of Moraad the Champion of Chaos, a journeyman DDFi of Makhleb (Spider:2)
  6 entropy weavers
  An entropy weaver (shapeshifter) (Depths:3)
  3 lorocyprocas
  Nessos (Orc:2)
  15 black draconians
  A minotaur (Lab)
  5 deep elf demonologists
  2 halazid warlocks (Desolation)
  11 spark wasps
  A spark wasp (shapeshifter) (Vaults:5)
  A minotaur (shapeshifter) (Depths:3)
  11 deep elf annihilators
  15 purple draconians
  20 yellow draconians
  14 red draconians
  14 white draconians
  5 dire elephants (Elf:3)
  A blizzard demon (Geh:3)
  3 merfolk javelineers
  The ghost of XanderDroid the Fighter, a journeyman GnWn of Ashenzari (Lair:1)
  A green death (Geh:5)
  3 quicksilver dragon zombies (Geh:7)
  5 eidola
  20 ettins
  9 deep elf death magi
  The ghost of galech the Cleaver, a journeyman DsFi of Okawaru (Orc:2)
  11 ragged hierophants (Desolation)
  25 death oozes
  5 crystal guardians
  A fire dragon (shapeshifter) (Vaults:3)
  7 deep elf high priests
  10 merfolk impalers
  18 great orbs of eyes
  A spectral quicksilver dragon (Crypt:3)
  13 jiangshi
  17 yaktaur captains
  7 fire dragons
  Fannar (Orc:1)
  5 quicksilver dragon skeletons
  33 vault guards
  Erolcha (D:11)
  A hell beast (Geh:6)
  Harold (Lair:2)
  7 rakshasas
  8 peacekeepers
  8 ice dragons
  A catoblepas (shapeshifter) (Depths:4)
  10 hydras
  A ghost crab (Abyss:4)
  An alligator (shapeshifter) (Elf:3)
  A shambling mangrove (Abyss:4)
  A juggernaut simulacrum (Depths:3)
  19 ogre magi
  2 catoblepae
  3 servants of whispers (Desolation)
  6 merfolk aquamancers (Shoals:4)
  6 death knights
  7 spriggan air magi
  7 centaur warriors
  43 two-headed ogres
  A queen ant (Spider:4)
  The ghost of George the Carver, a novice MiFi of the Shining One (D:10)
  2 merfolk avatars
  9 deep troll shamans
  2 death yaks (Lair:3)
  34 dancing weapons
  A spectral dire elephant (Crypt:3)
  8 death scarabs (Spider:4)
  2 satyrs
  17 thrashing horrors
  19 hell hogs
  12 vampire magi
  A tengu warrior (Depths:5)
  7 orc high priests
  5 spriggan berserkers
  5 titan zombies
  13 deep troll earth magi
  27 hell knights
  3 iron golems
  A shock serpent (shapeshifter) (Depths:3)
  17 wretched stars
  42 small abominations
  9 soul eaters
  2 spectral emperor scorpions (Spider:4)
  3 storm dragon zombies
  70 skeletal warriors
  Nergalle (Orc:1)
  22 deep elf knights
  A fire crab (shapeshifter) (Vaults:4)
  9 sixfirhies
  An iron troll (shapeshifter) (Depths:3)
  3 shadow wraiths
  8 titan skeletons
  6 spatial maelstroms
  7 storm dragon skeletons
  14 sun demons
  2 iron trolls
  7 unseen horrors
  2 anaconda zombies
  An infernal demonspawn (Orc:2)
  A spark wasp zombie (Hell)
  A death drake (shapeshifter) (Vaults:2)
  5 glowing orange brains
  3 golden dragon zombies
  A shadow demon (Geh:6)
  18 sea snakes
  22 deep trolls
  A gelid demonspawn (Orc:2)
  17 flayed ghosts
  A ghost moth zombie (Crypt:3)
  20 phantasmal warriors
  18 deep elf archers
  An obsidian statue (Shoals:1)
  2 wizards
  A kraken simulacrum (Hell)
  A spectral wolf spider (Spider:4)
  21 necromancers
  5 golden dragon skeletons
  13 orc knights
  13 harpies
  87 deep elf magi
  23 ironbrand convokers
  A harpy (shapeshifter) (Abyss:3)
  A swamp dragon (Lair:6)
  3 anaconda skeletons
  3 fire giant zombies
  A lindwurm (shapeshifter) (Abyss:3)
  2 shadow dragon zombies
  2 wolf spider zombies
  3 tengu zombies (Hell)
  15 orb spiders
  3 frost giant zombies
  8 stone giant zombies
  9 shining eyes
  3 iron dragon zombies
  2 oklob plants (Lair:1)
  9 orc sorcerers
  A faun (shapeshifter) (Vaults:2)
  A spectral alligator (Crypt:3)
  3 shadow dragon skeletons
  48 wolf spiders
  A sphinx skeleton (Vaults:5)
  43 ugly things
  11 fauns
  6 black mambas (Lair:6)
  6 iron dragon skeletons
  6 worldbinders
  11 cyclopes
  25 manticores
  A salamander (shapeshifter) (Depths:3)
  A dire elephant zombie (Geh:2)
  11 vault sentinels
  35 moths of wrath
  9 water nymphs
  7 merfolk sirens
  6 frost giant skeletons
  A human skeleton (Vaults:1)
  4 guardian serpents
  14 elephants
  2 elephants (shapeshifter)
  7 molten gargoyles (Geh:7)
  4 stone giant skeletons
  An ice statue (Hell)
  3 dire elephant skeletons
  An eye of devastation (Slime:4)
  13 rust devils
  2 centaur zombies
  17 smoke demons
  10 fire giant skeletons
  2 storm dragon simulacra
  4 apocalypse crabs
  A guardian serpent (shapeshifter) (Vaults:1)
  A shock serpent skeleton (Hell)
  14 spiny frogs
  A gargoyle (D:13)
  3 elf skeletons
  24 hellions
  9 orange demons
  6 human zombies
  A torpor snail (shapeshifter) (Vaults:5)
  2 yaktaur zombies
  3 rime drakes
  2 spectral redbacks (Spider:4)
  13 tormentors
  11 freezing wraiths
  2 hellwings
  6 efreet
  A komodo dragon (shapeshifter) (D:14)
  18 demonic crawlers
  5 kobold demonologists
  2 emperor scorpion zombies
  40 yaktaurs
  An iron troll zombie (Crypt:2)
  2 redback zombies
  11 komodo dragons
  A minotaur skeleton (Lab)
  2 tengu conjurers (D:15)
  10 ancient zymes
  A pale draconian zombie (Crypt:3)
  A catoblepas skeleton (Abyss:1)
  A death drake zombie (Crypt:2)
  7 hydra zombies
  8 ice devils
  A yaktaur skeleton (Vaults:5)
  25 red devils
  An iron troll skeleton (Crypt:2)
  A polar bear (shapeshifter) (Depths:1)
  32 merfolk
  7 trolls
  17 hornets
  49 large abominations
  A queen bee (Lair:2)
  3 spectral tarantellas (Spider:4)
  A tarantella zombie (Spider:4)
  43 jumping spiders
  4 wind drakes
  10 blink frogs
  6 fire dragon zombies
  2 jumping spiders (shapeshifter)
  A bog body (Crypt:1)
  5 hydra skeletons
  2 jumping spider zombies (Spider:4)
  34 raiju
  47 saltlings
  2 raiju (shapeshifter)
  6 dream sheep
  160 slime creatures
  3 spectral jumping spiders (Spider:4)
  6 ettin zombies
  11 snapping turtles
  A dream sheep (shapeshifter) (Depths:3)
  A moth of wrath zombie (Crypt:2)
  3 ice dragon zombies
  A meliai zombie (D:15)
  10 hippogriffs
  An alligator zombie (Geh:1)
  A fire giant simulacrum (Crypt:3)
  A frost giant simulacrum (Vaults:4)
  2 stone giant simulacra
  3 alligator skeletons
  A redback (shapeshifter) (Depths:3)
  An air elemental (Elf:1)
  7 ice dragon skeletons
  4 spriggans
  8 ettin skeletons
  11 shadows
  A shock serpent simulacrum (Crypt:3)
  23 wraiths
  47 flying skulls
  14 ynoxinuls
  64 redbacks
  24 yaks
  9 fire dragon skeletons
  A spriggan (shapeshifter) (D:15)
  2 yaks (shapeshifter)
  3 vampires
  35 tarantellas
  A dire elephant simulacrum (Crypt:3)
  11 wyverns
  A hog (shapeshifter) (D:14)
  2 black mamba skeletons
  40 fire elementals
  12 neqoxecs
  17 water elementals
  3 hungry ghosts
  3 hogs (Shoals:2)
  12 golden eyes
  6 basilisks
  5 fire bats
  2 steam dragons (Lair:6)
  10 chaos spawn
  A harpy simulacrum (Depths:3)
  4 wargs
  8 spatial vortices
  2 acid dragons
  A spectral hornet (Spider:4)
  23 water moccasins
  A deep troll zombie (Vaults:3)
  3 spiny frog zombies
  Duvessa (D:7)
  2 soldier ants (Spider:4)
  2 floating eyes (Depths:4)
  73 hell hounds
  A hydra simulacrum (Hell)
  A soldier ant (shapeshifter) (D:13)
  A merfolk skeleton (Crypt:2)
  4 porcupines
  2 swamp drakes (Lair:6)
  A swamp dragon zombie (Geh:2)
  23 ice beasts
  A black bear (D:9)
  A manticore zombie (Geh:7)
  3 spiny frog skeletons
  An ettin simulacrum (Abyss:2)
  An ice dragon simulacrum (Crypt:3)
  50 orc warriors
  A sky beast (D:6)
  3 snapping turtle zombies
  2 hornet zombies (Spider:4)
  5 phantoms
  A boggart (shapeshifter) (D:14)
  12 necrophages
  A boggart (Depths:1)
  11 eyes of draining
  2 orc skeletons
  2 manticore skeletons
  56 ogres
  10 wolves
  21 centaurs
  5 snapping turtle skeletons
  13 crocodiles
  3 big kobolds
  2 hog skeletons
  A rime drake skeleton (Crypt:1)
  An octopode zombie (Crypt:2)
  17 bullfrogs
  2 draconian zombies
  4 earth elementals
  Dowan (D:7)
  2 water moccasin zombies
  4 spriggan zombies
  A warg zombie (Crypt:1)
  A hornet simulacrum (Vaults:1)
  8 scorpions
  A spectral tengu (Crypt:3)
  A spriggan skeleton (Crypt:1)
  A troll zombie (Crypt:1)
  28 killer bees
  43 wights
  9 electric eels
  3 howler monkeys
  15 crimson imps
  2 human simulacra
  76 starcursed masses
  3 bullfrog zombies
  2 jellies
  7 quasits
  A wolf skeleton (Crypt:2)
  5 hounds
  2 iron imps
  16 orc priests
  9 centaur skeletons
  A black bear zombie (Crypt:1)
  4 bullfrog skeletons
  19 orc wizards
  3 iguanas
  6 hell rats (Lair:6)
  16 worker ants
  A killer bee zombie (D:6)
  A crocodile zombie (Crypt:1)
  A tengu skeleton (Geh:2)
  A mummy (Crypt:3)
  A howler monkey zombie (Crypt:3)
  A worker ant zombie (D:6)
  A howler monkey skeleton (D:7)
  A swamp drake zombie (Crypt:3)
  12 adders
  7 river rats (Lair:6)
  7 shadow imps
  8 white imps
  7 ufetubi
  7 oozes
  An adder zombie (Crypt:3)
  An adder skeleton (D:9)
  4 worms
  A dart slug (D:1)
  2 leopard geckos
  106 orcs
  8 bats
  4 giant cockroaches
  12 goblins
  7 hobgoblins
  6 jackals
  A quokka (shapeshifter) (Vaults:5)
  8 quokkas
  A ball python (D:1)
  A ball python zombie (Crypt:1)
  2 frilled lizards
  25 kobolds
  A kobold skeleton (Crypt:3)
  2 kobold zombies
  A leopard gecko skeleton (D:6)
  An orc zombie (Geh:4)
  3 quokka skeletons
  7 rats
  A rat skeleton (Crypt:2)
  A bush (Lair:6)
  2 crawling corpses
  3 fungi
  32 plants
  23 starspawn tentacles
  11 tentacles
4164 creatures vanquished.

Vanquished Creatures (collateral kills)
  2 hydras
  A fire crab (Abyss:4)
  A skeletal warrior (D:12)
  A basilisk (Lair:1)
5 creatures vanquished.

Vanquished Creatures (others)
  An eldritch tentacle (Geh:4)
  A kraken (Abyss:4)
  A war gargoyle (Depths:5)
  An ettin (Vaults:5)
  A two-headed ogre (Vaults:5)
  A deep elf knight (Elf:3)
  A shadow wraith (Vaults:1)
  An ironbrand convoker (Desolation)
  A phantasmal warrior (Crypt:3)
  A deep elf archer (Vaults:3)
  A fire giant skeleton (Vaults:5)
  A molten gargoyle (Geh:7)
  A hellion (Geh:7)
  2 ancient zymes
  2 redbacks (Spider:1)
  A human (Shoals:2)
  A hell hound (Geh:7)
  An orc warrior (Vaults:3)
  An ogre (Depths:2)
  An orc wizard (Vaults:3)
  An adder zombie (D:9)
  2 bushes (D:13)
  17 fungi
  3 lurking horrors
  32 plants
  27 starspawn tentacles
  37 tentacles
  2 withered plants (Crypt:1)
143 creatures vanquished.

Grand Total: 4312 creatures vanquished

Notes
Turn   | Place    | Note
-------+----------+-------------------------------------------
     0 | D:1      | XanderDroid the Minotaur Berserker began the quest for the
                  | Orb.
     0 | D:1      | Reached XP level 1. HP: 19/19 MP: 0/0
   320 | D:1      | Reached XP level 2. HP: 26/27 MP: 1/1
  1175 | D:2      | Reached XP level 3. HP: 33/33 MP: 2/2
  1389 | D:2      | Reached ** piety under Trog
  1562 | D:2      | Reached XP level 4. HP: 35/40 MP: 3/3
  1592 | D:2      | Found an iron altar of Okawaru.
  1928 | D:3      | Noticed a centaur
  2091 | D:3      | Killed a centaur
  2091 | D:3      | Reached skill level 5 in Axes
  2091 | D:3      | Reached XP level 5. HP: 40/47 MP: 4/4
  2251 | D:3      | Found a transporter.
  2421 | D:3      | Found a transporter.
  2468 | D:3      | Found a faded altar of an unknown god.
  3113 | D:4      | Reached XP level 6. HP: 55/55 MP: 5/5
  3430 | D:4      | Found an opulent altar of Gozag.
  3433 | D:4      | Found a basalt altar of Yredelemnul.
  3436 | D:4      | Found a stormy altar of Qazlal.
  3670 | D:5      | Entered Level 5 of the Dungeon
  3680 | D:5      | Reached skill level 5 in Fighting
  4027 | D:5      | Found a shimmering altar of Xom.
  4562 | D:5      | Reached XP level 7. HP: 61/61 MP: 6/6
  4664 | D:6      | Found a white marble altar of Elyvilon.
  4718 | D:6      | Reached *** piety under Trog
  4983 | D:5      | Reached skill level 5 in Armour
  5253 | D:6      | Found the +9 scales of the Dragon King {rPois rF+ rC+ MR+}
  5338 | D:6      | Reached XP level 8. HP: 70/70 MP: 7/7
  5383 | D:6      | Reached skill level 5 in Dodging
  5495 | D:6      | Found an ornate altar of the Wu Jian Council.
  5717 | D:7      | Noticed Duvessa
  5767 | D:7      | Killed Duvessa
  5773 | D:7      | Noticed Dowan
  5794 | D:7      | Killed Dowan
  5946 | D:7      | Found a staircase to the Ecumenical Temple.
  6018 | Temple   | Entered the Ecumenical Temple
  6439 | D:8      | Found a deep blue altar of Sif Muna.
  6477 | D:8      | Noticed a hippogriff
  6488 | D:8      | Killed a hippogriff
  6488 | D:8      | Reached **** piety under Trog
  6488 | D:8      | Reached XP level 9. HP: 73/79 MP: 8/8
  6660 | D:8      | Reached skill level 10 in Axes
  6991 | D:8      | Found an ancient bone altar of Kikubaaqudgha.
  7360 | D:9      | Found a shattered altar of Ashenzari.
  7501 | D:9      | Reached XP level 10. HP: 85/90 MP: 9/9
  7588 | D:9      | Got a smoking rapier
  7590 | D:9      | Identified the cursed +3 rapier "Giantslayer" {protect,
                  | *Corrode +Rage MP+9 Int+9} (You found it on level 9 of the
                  | Dungeon)
  7773 | D:9      | Reached ***** piety under Trog
  8021 | D:10     | Entered Level 10 of the Dungeon
  8059 | D:10     | Noticed a two-headed ogre
  8066 | D:10     | Killed a two-headed ogre
  8136 | D:10     | Found a runed door.
  8136 | D:10     | Found a shimmering altar of Xom.
  8136 | D:10     | Noticed George's ghost (novice MiFi)
  8136 | D:10     | Noticed a +1 halberd of chaos
  8173 | D:10     | Noticed a two-headed ogre
  8184 | D:10     | Killed a two-headed ogre
  8191 | D:10     | Found a staircase to the Lair.
  8578 | D:10     | Reached XP level 11. HP: 99/99 MP: 10/10
  8759 | D:10     | Found a sacrificial altar of Ru.
  9016 | D:10     | Found a staircase to the Orcish Mines.
  9493 | D:3      | Received a gift from Trog
 10098 | D:10     | Reached skill level 10 in Fighting
 10191 | D:11     | Noticed a brown ugly thing
 10213 | D:11     | Killed a brown ugly thing
 10484 | D:11     | Noticed Erolcha
 10491 | D:11     | Killed Erolcha
 10551 | D:11     | Reached skill level 10 in Armour
 10644 | D:11     | Noticed a white ugly thing
 10658 | D:11     | Killed a white ugly thing
 10784 | D:11     | Found Piejauk's Antique Weapon Boutique.
 10792 | D:11     | Bought a crystal glaive for 287 gold pieces
 10960 | D:12     | Noticed a four-headed hydra
 10971 | D:12     | Noticed a white ugly thing
 10975 | D:11     | Killed a white ugly thing
 11360 | D:11     | Killed a seven-headed hydra
 11490 | D:12     | Found Ofurphos's Magic Scroll Shop.
 11507 | D:12     | Bought a scroll of blinking for 127 gold pieces
 11514 | D:12     | Noticed a skeletal warrior
 11515 | D:12     | Noticed a skeletal warrior
 11519 | D:12     | Noticed a skeletal warrior
 11520 | D:12     | Noticed a skeletal warrior
 11522 | D:12     | Killed a skeletal warrior
 11528 | D:12     | Killed a skeletal warrior
 11536 | D:12     | Killed a skeletal warrior
 11586 | D:11     | Killed a skeletal warrior
 11867 | D:12     | Reached XP level 12. HP: 97/110 MP: 2/11
 11939 | D:12     | Reached skill level 10 in Dodging
 12210 | D:12     | Reached skill level 15 in Axes
 12508 | D:12     | Bought a scroll of identify for 34 gold pieces
 12508 | D:12     | Identified the +6 glaive of Mief {chop, Fragile MR+ Int+4}
                  | (You bought it in a shop on level 11 of the Dungeon)
 12608 | Lair:1   | Entered Level 1 of the Lair of Beasts
 12723 | Lair:1   | Noticed a seven-headed hydra
 12731 | Lair:1   | Killed a seven-headed hydra
 12776 | Lair:1   | Noticed a six-headed hydra
 12799 | Lair:1   | Killed a six-headed hydra
 12986 | Lair:1   | Received a gift from Trog
 13204 | Lair:1   | Noticed a six-headed hydra
 13218 | Lair:1   | Killed a six-headed hydra
 13367 | Lair:1   | Found a runed door.
 13370 | Lair:1   | Noticed XanderDroid's ghost (journeyman GnWn)
 13539 | D:10     | Killed George's ghost
 13665 | D:12     | Bought a scroll of identify for 34 gold pieces
 13680 | D:12     | Bought a scroll of identify for 34 gold pieces
 13680 | D:12     | Bought a scroll of identify for 34 gold pieces
 13906 | Lair:1   | Upgraded the game from 0.23-a0-488-g5fd82c5 to
                  | 0.23-a0-489-g205b0b6
 13907 | Lair:2   | Found a staircase to the Shoals.
 13958 | Lair:2   | Found a hole to the Spider Nest.
 14031 | Lair:2   | Noticed a seven-headed hydra
 14042 | Lair:2   | Killed a seven-headed hydra
 14515 | Lair:2   | Reached XP level 13. HP: 98/118 MP: 2/12
 14670 | Lair:2   | Found a burning altar of Makhleb.
 14973 | Lair:2   | Noticed Harold
 14993 | Lair:2   | Killed Harold
 15237 | Lair:3   | Got an iridescent spear
 15268 | Lair:3   | Identified the +8 spear of the Fifty Suns {venom, rElec}
                  | (You found it on level 3 of the Lair of Beasts)
 17595 | Lair:6   | Entered Level 6 of the Lair of Beasts
 17686 | Lair:6   | Reached ****** piety under Trog
 17730 | Lair:6   | Received a gift from Trog
 17796 | Lair:6   | Reached XP level 14. HP: 103/129 MP: 4/13
 17978 | Lair:6   | Found a labyrinth entrance.
 18002 | Lab      | Entered a Labyrinth
 18360 | Lab      | Found an exit through the horrors of the Abyss.
 18427 | Lab      | Got a smoking plate armour
 18440 | Lair:6   | Identified the +8 plate armour of the End {*Contam rElec
                  | rN+++ Dex+2} (You found it in a labyrinth)
 18509 | Lair:6   | Gained mutation: You do not regenerate when monsters are
                  | visible. [mutagenic glow]
 19085 | Lair:6   | Lost mutation: You do not regenerate when monsters are
                  | visible. [potion of mutation]
 19085 | Lair:6   | Gained mutation: Your spells are a little harder to cast,
                  | but a little more powerful. [potion of mutation]
 19085 | Lair:6   | Gained mutation: Your movements are slightly less
                  | encumbered by armour. (ER -2) [potion of mutation]
 19233 | Lair:6   | Found a runed door.
 19233 | Lair:6   | Found a viscous altar of Jiyva.
 19234 | Lair:6   | Found a staircase to the Slime Pits.
 19291 | Lair:6   | Received a gift from Trog
 19997 | Lair:1   | Killed XanderDroid's ghost
 20334 | D:12     | Bought a scroll of immolation for 59 gold pieces
 20334 | D:12     | Bought a scroll of enchant weapon for 127 gold pieces
 20334 | D:12     | Bought a scroll of random uselessness for 17 gold pieces
 20348 | D:12     | Bought a scroll of teleportation for 51 gold pieces
 20356 | D:12     | Bought a scroll of fog for 34 gold pieces
 21567 | D:14     | Paralysed by a wizard for 7 turns
 21609 | D:14     | Reached XP level 15. HP: 129/139 MP: 4/14
 21686 | D:14     | Found a gate to the Vaults.
 22029 | D:14     | Identified a scroll of acquirement
 22559 | Orc:1    | Entered Level 1 of the Orcish Mines
 22769 | Orc:1    | Found a roughly hewn altar of Beogh.
 22773 | Orc:1    | Noticed Nergalle
 22801 | Orc:1    | Killed Nergalle
 22848 | Orc:1    | Received a gift from Trog
 22862 | Orc:1    | Got a polished battleaxe {god gift}
 22870 | Orc:1    | Identified the +11 battleaxe of Disintegration {drain, +Inv
                  | Dex+3} (Trog gifted it to you on level 1 of the Orcish
                  | Mines)
 22872 | Orc:1    | Noticed an orc warlord
 22898 | Orc:1    | Killed an orc warlord
 22924 | Orc:1    | Noticed an orc warlord
 22932 | Orc:1    | Noticed Fannar
 22939 | Orc:1    | Killed an orc warlord
 22939 | Orc:1    | Reached skill level 1 in Evocations
 22945 | Orc:1    | Killed Fannar
 23311 | Orc:1    | Found a deep blue altar of Sif Muna.
 23366 | Orc:1    | Identified Sif Muna's Compendium of Envenoming
 23395 | Orc:2    | Entered Level 2 of the Orcish Mines
 23395 | Orc:2    | Found a staircase to the Elven Halls.
 23829 | Orc:1    | Received a gift from Trog
 24116 | Orc:2    | Noticed Nessos
 24117 | Orc:2    | Found a runed door.
 24120 | Orc:2    | Noticed galech's ghost (journeyman DsFi)
 24129 | Orc:2    | Killed Nessos
 24292 | Orc:2    | Killed galech's ghost
 24567 | Orc:2    | Found Ovuzuivy's Magic Scroll Boutique.
 24578 | Orc:2    | Found Koll's Food Shop.
 24976 | Orc:2    | Reached skill level 15 in Fighting
 25295 | Orc:2    | Bought a scroll of teleportation for 33 gold pieces
 25295 | Orc:2    | Bought a scroll of teleportation for 33 gold pieces
 25299 | Orc:2    | Bought a scroll of identify for 22 gold pieces
 25299 | Orc:2    | Bought a scroll of enchant armour for 82 gold pieces
 25302 | Orc:2    | Bought a scroll of silence for 82 gold pieces
 25466 | Orc:2    | Received a gift from Trog
 25533 | Orc:2    | Found Izoic's Gadget Emporium.
 25533 | Orc:2    | Found Goxzutug's Antique Armour Shoppe.
 25534 | Orc:2    | Found a one-way gate leading to the halls of Pandemonium.
 25574 | Orc:2    | Bought 3 scrolls of summoning for 313 gold pieces
 25736 | D:15     | Entered Level 15 of the Dungeon
 25770 | D:15     | Found Faecisk's Armour Emporium.
 26003 | D:15     | Reached skill level 15 in Armour
 26373 | D:15     | Reached XP level 16. HP: 149/149 MP: 5/17
 27075 | D:15     | Found a staircase to the Depths.
 27425 | Spider:1 | Entered Level 1 of the Spider Nest
 28731 | Spider:1 | Paralysed by a hornet for 1 turns
 29326 | Spider:2 | Reached skill level 5 in Evocations
 30336 | Spider:2 | Found a transporter.
 30349 | Spider:2 | Noticed Moraad's ghost (journeyman DDFi)
 30364 | Spider:2 | Found a transporter.
 30776 | Spider:2 | Received a gift from Trog
 31654 | Spider:3 | Found a runed gate.
 31654 | Spider:3 | Found a runed gate.
 31654 | Spider:3 | Found a runed gate.
 31654 | Spider:3 | Noticed nikopol's ghost (adept DEFE)
 31672 | Spider:3 | Killed nikopol's ghost
 31880 | Spider:3 | Upgraded the game from 0.23-a0-489-g205b0b6 to
                  | 0.23-a0-494-g91793a9
 31881 | Spider:4 | Entered Level 4 of the Spider Nest
 31928 | Spider:4 | Reached XP level 17. HP: 141/158 MP: 5/20
 32585 | Spider:4 | Noticed Arachne
 32595 | Spider:4 | Killed Arachne
 32660 | Spider:4 | Received a gift from Trog
 32912 | Spider:4 | Reached skill level 15 in Dodging
 34211 | Spider:4 | Received a gift from Trog
 35312 | Spider:4 | Got a gossamer rune of Zot
 35566 | Spider:2 | Killed Moraad's ghost
 35707 | Shoals:1 | Entered Level 1 of the Shoals
 36299 | Shoals:1 | Found a runed gate.
 36300 | Shoals:1 | Found a runed gate.
 36300 | Shoals:1 | Found an opulent altar of Gozag.
 36301 | Shoals:1 | Found a runed gate.
 36308 | Shoals:1 | Found Bomif's Assorted Antiques.
 36308 | Shoals:1 | Found Quraqomasa's Assorted Antiques.
 36308 | Shoals:1 | Noticed Lasoid's ghost (adept DEWz)
 36578 | Shoals:2 | Reached XP level 18. HP: 139/168 MP: 7/22
 36587 | Shoals:2 | Received a gift from Trog
 36998 | Shoals:2 | Noticed Kirke
 37034 | Shoals:2 | Killed Kirke
 38366 | Shoals:3 | Got a fine jade ring
 38401 | Shoals:3 | Identified the ring of Dihus {MR+ EV+3 Dex+3} (You found it
                  | on level 3 of the Shoals)
 39010 | Shoals:3 | Received a gift from Trog
 39960 | Shoals:4 | Entered Level 4 of the Shoals
 40586 | Shoals:4 | Identified the +3 falchion of Equilibrium {slice, rElec rN+
                  | Int+2 Dex-4}
 40899 | Shoals:4 | HP: 8/170 [merfolk aquamancer/shard of ice (27)]
 41822 | Shoals:4 | Found a runed door.
 41823 | Shoals:4 | Noticed PeterMcNeter's ghost (adept DsMo)
 41905 | Shoals:4 | Got a twitching golden ring
 41917 | Shoals:4 | Identified the ring "Bozahe" {Fire rN+} (You found it on
                  | level 4 of the Shoals)
 42077 | Shoals:4 | Killed PeterMcNeter's ghost
 42325 | Shoals:4 | Received a gift from Trog
 42713 | Shoals:4 | Identified Vehumet's Grimoire of Arcane Weapons
 42782 | Shoals:4 | Got a barnacled rune of Zot
 43053 | D:12     | Bought a scroll of brand weapon for 340 gold pieces
 43053 | D:12     | Bought a scroll of noise for 17 gold pieces
 43196 | Orc:2    | Bought a scroll of remove curse for 33 gold pieces
 43196 | Orc:2    | Bought a scroll of remove curse for 33 gold pieces
 43196 | Orc:2    | Bought a scroll of remove curse for 33 gold pieces
 43341 | Vaults:1 | Entered Level 1 of the Vaults
 43545 | Vaults:1 | Reached XP level 19. HP: 167/177 MP: 8/24
 44115 | Vaults:1 | Received a gift from Trog
 44735 | Vaults:1 | Received a gift from Trog
 45165 | Vaults:1 | Noticed Saint Roka
 45176 | Vaults:1 | Killed Saint Roka
 46021 | Vaults:2 | Received a gift from Trog
 46034 | Vaults:2 | Got a pitted battleaxe {god gift}
 46043 | Vaults:2 | Identified the +4 battleaxe of Impeachment {chop, Dex+4}
                  | (Trog gifted it to you on level 2 of the Vaults)
 46478 | Vaults:2 | Reached XP level 20. HP: 156/188 MP: 8/25
 46721 | Vaults:2 | Received a gift from Trog
 46951 | Vaults:2 | Found a staircase to the Crypt.
 47775 | Vaults:3 | Noticed Mara
 47879 | Vaults:3 | Noticed XanderDroid's illusion
 48128 | Vaults:3 | Noticed XanderDroid's illusion
 48144 | Vaults:3 | Killed Mara
 48300 | Vaults:3 | Noticed Nikola
 48404 | Vaults:2 | Killed Nikola
 48515 | Vaults:3 | Found Sonifail's Antique Armour Boutique.
 48851 | Vaults:3 | Received a gift from Trog
 50808 | Vaults:4 | Reached XP level 21. HP: 183/197 MP: 8/26
 51291 | Orc:2    | Bought a phantom mirror for 450 gold pieces
 51291 | Orc:2    | Bought a phantom mirror for 450 gold pieces
 51417 | Orc:2    | Upgraded the game from 0.23-a0-494-g91793a9 to
                  | 0.23-a0-512-g50a8178
 51418 | Elf:1    | Entered Level 1 of the Elven Halls
 51443 | Orc:2    | Received a gift from Trog
 51731 | Elf:1    | Identified the Almanac of the Escort
 51799 | Elf:1    | Found Iplarghoc's One-of-a-Kind Books.
 52394 | Elf:1    | Found Rakuxod's Armour Boutique.
 52447 | Elf:1    | Bought the +0 hat of Distant Worlds {rF+ MR+ MP+9} for 765
                  | gold pieces
 52527 | Elf:1    | Received a gift from Trog
 52880 | Elf:2    | Found a ruined gateway.
 52887 | Elf:1    | Upgraded the game from 0.23-a0-512-g50a8178 to
                  | 0.23-a0-516-g0f8c245
 52887 | Elf:1    | Upgraded the game from 0.23-a0-516-g0f8c245 to
                  | 0.23-a0-519-ga799fc4
 53143 | Desolati | Entered the Desolation of Salt
 53144 | Desolati | Upgraded the game from 0.23-a0-519-ga799fc4 to
                  | 0.23-a0-536-g5e0f5a2
 53213 | Desolati | Received a gift from Trog
 53499 | Desolati | Got a transparent plate armour
 53508 | Desolati | Got heavily runed gold dragon scales
 53525 | Desolati | Identified the +16 gold dragon scales of the Valley of
                  | Death {rPois rF+ rC+ Int+3 Dex+3 Stlth+} (You found it in
                  | the Desolation of Salt)
 53526 | Desolati | Identified the +4 plate armour of Makhleb's Favour {MP+9}
                  | (You found it in the Desolation of Salt)
 53647 | Desolati | Identified the Reference Book on Noxious Ignition
 53737 | Desolati | Received a gift from Trog
 54137 | Elf:2    | Identified the +6 trident of Exchange {protect, rN+ Dex+4}
 54433 | Elf:2    | Found a huge runed gate.
 54444 | Elf:2    | Found a huge runed gate.
 54444 | Elf:2    | Found a huge runed gate.
 54444 | Elf:2    | Found a huge runed gate.
 54445 | Elf:2    | Found a huge runed gate.
 54506 | Elf:2    | Received a gift from Trog
 54723 | Elf:2    | Reached XP level 22. HP: 210/210 MP: 12/27
 54918 | Elf:3    | Entered Level 3 of the Elven Halls
 55329 | Elf:3    | Received a gift from Trog
 55458 | Elf:3    | Found a huge runed gate.
 55459 | Elf:3    | Found a huge runed gate.
 55464 | Elf:3    | Found a huge runed gate.
 55465 | Elf:3    | Found a huge runed gate.
 55486 | Elf:3    | Found a huge runed gate.
 55486 | Elf:3    | Found a huge runed gate.
 55487 | Elf:3    | Found a huge runed gate.
 55490 | Elf:3    | Found a huge runed gate.
 55530 | Elf:3    | Found a huge runed gate.
 55530 | Elf:3    | Found a huge runed gate.
 55531 | Elf:3    | Found a huge runed gate.
 55531 | Elf:3    | Found a huge runed gate.
 55532 | Elf:3    | Found a huge runed gate.
 55533 | Elf:3    | Found a huge runed gate.
 55533 | Elf:3    | Found a huge runed gate.
 55539 | Elf:3    | Found a huge runed gate.
 55549 | Elf:3    | Found a huge runed gate.
 55554 | Elf:3    | Found a huge runed gate.
 55604 | Elf:3    | Found a huge runed gate.
 55604 | Elf:3    | Found a huge runed gate.
 55604 | Elf:3    | Found a huge runed gate.
 55604 | Elf:3    | Found a huge runed gate.
 55604 | Elf:3    | Found a huge runed gate.
 55604 | Elf:3    | Found a huge runed gate.
 55606 | Elf:3    | Found a huge runed gate.
 55607 | Elf:3    | Found a huge runed gate.
 55817 | Elf:3    | Identified the ring "Ikhluyn" {Ice *Contam rElec MP-9
                  | Stlth+}
 55819 | Elf:3    | Identified the +10 chain mail of the Snail {rF+ rC+ Int+2
                  | Slay+3}
 55864 | Elf:3    | Identified the +2 halberd of Integrity {drain, rF+ rN+
                  | Int+3}
 55890 | Elf:3    | Identified the +4 dagger of Propriety {pierce, +Fly Str+4}
 55912 | Elf:3    | Identified the +7 lajatang "Acet Ysh" {drain, -Tele rN+
                  | Str+4 Dex+3}
 56329 | Elf:3    | Identified the Almanac of the Evil Frostbite
 56592 | Depths:1 | Entered Level 1 of the Depths
 56706 | Depths:1 | Received a gift from Trog
 56725 | Depths:1 | Reached skill level 27 in Axes
 57125 | Depths:1 | Found a gateway to a ziggurat.
 57462 | Depths:1 | Found a gateway to Hell.
 57745 | Elf:1    | Bought a +0 pair of gloves of strength for 207 gold pieces
 58266 | Depths:1 | Upgraded the game from 0.23-a0-536-g5e0f5a2 to
                  | 0.23-a0-539-g3f6f39f
 58455 | Depths:1 | Reached XP level 23. HP: 157/218 MP: 12/28
 58784 | Depths:1 | Received a gift from Trog
 60292 | Depths:2 | Received a gift from Trog
 60486 | Depths:2 | Found a viscous altar of Jiyva.
 60748 | Depths:2 | Upgraded the game from 0.23-a0-539-g3f6f39f to
                  | 0.23-a0-550-g7de1f8e
 60748 | Depths:2 | Upgraded the game from 0.23-a0-550-g7de1f8e to
                  | 0.23-a0-554-gd3cbc84
 61469 | Depths:3 | Found a one-way gate to the infinite horrors of the Abyss.
 61505 | Depths:3 | Received a gift from Trog
 62294 | Depths:3 | Upgraded the game from 0.23-a0-554-gd3cbc84 to
                  | 0.23-a0-558-g30802b1
 62366 | Depths:4 | Reached XP level 24. HP: 156/232 MP: 12/28
 62371 | Depths:4 | Received a gift from Trog
 62618 | Depths:4 | Found Ecafeyci's Book Boutique.
 62627 | Depths:4 | Noticed a juggernaut
 62650 | Depths:4 | Killed a juggernaut
 63532 | Depths:4 | Received a gift from Trog
 63556 | Depths:4 | Identified Wuushrale's Incunabulum of Displacement and the
                  | Arsonist
 64118 | Depths:5 | Entered Level 5 of the Depths
 64644 | Depths:5 | Received a gift from Trog
 65565 | Depths:5 | Found a gate to the Realm of Zot.
 65975 | Shoals:1 | Killed Lasoid's ghost
 66080 | Shoals:1 | Bought a scroll of teleportation for 66 gold pieces
 66092 | Shoals:1 | Bought a scroll of blinking for 172 gold pieces
 66092 | Shoals:1 | Bought a potion of curing for 69 gold pieces
 66092 | Shoals:1 | Bought a wand of digging (7) for 184 gold pieces
 66092 | Shoals:1 | Bought a scroll of identify for 46 gold pieces
 66092 | Shoals:1 | Bought a scroll of identify for 46 gold pieces
 66092 | Shoals:1 | Bought a scroll of immolation for 80 gold pieces
 66098 | Shoals:1 | Bought a potion of haste for 220 gold pieces
 66098 | Shoals:1 | Bought a steel ring for 110 gold pieces
 66104 | Shoals:1 | Bought a potion of might for 88 gold pieces
 66343 | Vaults:5 | Entered Level 5 of the Vaults
 66343 | Vaults:5 | Noticed Jory
 66419 | Vaults:4 | Reached XP level 25. HP: 206/246 MP: 12/28
 66419 | Vaults:4 | Received a gift from Trog
 66741 | Vaults:5 | Noticed Frederick
 66749 | Vaults:5 | Received a gift from Trog
 67302 | Vaults:5 | Identified the +6 short sword of Pojelab {pain, MP+9 Str+3}
 67305 | Vaults:5 | Found Uxir's Jewellery Shop.
 67431 | Vaults:5 | Killed Jory
 67664 | Vaults:5 | Received a gift from Trog
 68068 | Vaults:5 | Killed Frederick
 68522 | Vaults:5 | Found Waist's Magic Scroll Emporium.
 68522 | Vaults:5 | Found Linwu's Food Boutique.
 68527 | Vaults:5 | Bought a scroll of immolation for 73 gold pieces
 68527 | Vaults:5 | Bought a scroll of immolation for 73 gold pieces
 68527 | Vaults:5 | Bought a scroll of teleportation for 63 gold pieces
 68527 | Vaults:5 | Bought a scroll of enchant weapon for 157 gold pieces
 68542 | Vaults:5 | Found Bofaarru's Magic Scroll Shoppe.
 68542 | Vaults:5 | Found Meheirphuz's Magic Scroll Boutique.
 68548 | Vaults:5 | Found Poheb's Food Shop.
 68549 | Vaults:5 | Bought a scroll of magic mapping for 35 gold pieces
 68549 | Vaults:5 | Bought a scroll of teleportation for 30 gold pieces
 68549 | Vaults:5 | Bought a scroll of blinking for 75 gold pieces
 68549 | Vaults:5 | Bought a scroll of summoning for 95 gold pieces
 68549 | Vaults:5 | Bought a scroll of silence for 75 gold pieces
 68549 | Vaults:5 | Bought a scroll of holy word for 75 gold pieces
 68556 | Vaults:5 | Bought a scroll of teleportation for 66 gold pieces
 68556 | Vaults:5 | Bought a scroll of teleportation for 66 gold pieces
 68556 | Vaults:5 | Bought a scroll of teleportation for 66 gold pieces
 68556 | Vaults:5 | Bought a scroll of teleportation for 66 gold pieces
 68556 | Vaults:5 | Bought a scroll of magic mapping for 77 gold pieces
 68556 | Vaults:5 | Bought a scroll of brand weapon for 440 gold pieces
 68556 | Vaults:5 | Bought a scroll of enchant weapon for 165 gold pieces
 68581 | Vaults:5 | Found Ugemiluff's Food Shoppe.
 68581 | Vaults:5 | Found Fejevir's Magic Scroll Shop.
 68595 | Vaults:5 | Bought a scroll of teleportation for 42 gold pieces
 68595 | Vaults:5 | Bought a scroll of teleportation for 42 gold pieces
 68595 | Vaults:5 | Bought a scroll of enchant weapon for 105 gold pieces
 68675 | Vaults:5 | Found Mytyl's Distillery.
 68683 | Vaults:5 | Bought a potion of heal wounds for 100 gold pieces
 68683 | Vaults:5 | Bought 2 potions of curing for 120 gold pieces
 68683 | Vaults:5 | Bought a potion of lignification for 60 gold pieces
 68683 | Vaults:5 | Bought a potion of lignification for 60 gold pieces
 68870 | Vaults:5 | Received a gift from Trog
 68998 | Vaults:5 | Reached XP level 26. HP: 250/264 MP: 12/28
 69008 | Vaults:5 | Found Sogedwis's Jewellery Boutique.
 69008 | Vaults:5 | Found Zysazut's Antique Weapon Shoppe.
 69053 | Vaults:5 | Found Qicacuobb's Magic Scroll Emporium.
 69067 | Vaults:5 | Found Xunanturch's Gadget Shop.
 69174 | Vaults:5 | Got a silver rune of Zot
 69814 | Depths:3 | Voluntarily entered the Abyss.
 69989 | Abyss:2  | Found a corrupted altar of Lugonu.
 70125 | Abyss:3  | Reached skill level 27 in Fighting
 70374 | Abyss:3  | Paralysed by accursed screaming for 1 turns
 70393 | Depths:3 | Escaped the Abyss
 70575 | Depths:3 | Voluntarily entered the Abyss.
 70804 | Abyss:1  | Received a gift from Trog
 71364 | Abyss:2  | Gained mutation: You are weak. (Str -2) [a neqoxec]
 71391 | Abyss:2  | Lost intelligence.
 71450 | Abyss:2  | Received a gift from Trog
 72236 | Abyss:3  | Lost mutation: Your spells are a little harder to cast, but
                  | a little more powerful. [a neqoxec]
 72238 | Abyss:3  | Gained mutation: You are partially covered in yellow
                  | scales. (AC +2) [a neqoxec]
 72258 | Abyss:3  | Received a gift from Trog
 72341 | Abyss:3  | Gained mutation: You are frail. (-10% HP) [a cacodemon]
 72928 | Abyss:4  | Received a gift from Trog
 73085 | Depths:3 | Escaped the Abyss
 73367 | Vaults:5 | Bought the ring of Jealousy {rF+ rN+ MR+} for 752 gold
                  | pieces
 73607 | Depths:3 | Voluntarily entered the Abyss.
 73616 | Abyss:2  | Found a corrupted altar of Lugonu.
 73669 | Abyss:3  | Gained mutation: You are very weak. (Str -4) [a neqoxec]
 73672 | Abyss:3  | Gained mutation: You are clumsy. (Dex -2) [a neqoxec]
 73833 | Abyss:3  | Reached XP level 27. HP: 156/245 MP: 12/29
 73943 | Abyss:3  | Received a gift from Trog
 74246 | Abyss:3  | Gained mutation: You are very frail. (-20% HP) [a
                  | cacodemon]
 74262 | Abyss:3  | Paralysed by accursed screaming for 1 turns
 74329 | Abyss:3  | Reached skill level 10 in Evocations
 74432 | Abyss:3  | Gained mutation: Your spells are a little easier to cast,
                  | but a little less powerful. [a neqoxec]
 74601 | Abyss:3  | Received a gift from Trog
 74601 | Abyss:3  | Paralysed by you for 2 turns
 74712 | Abyss:4  | Found a corrupted altar of Lugonu.
 74863 | Abyss:4  | Found a corrupted altar of Lugonu.
 74995 | Abyss:4  | Paralysed by you for 5 turns
 75001 | Abyss:4  | Got an abyssal rune of Zot
 75029 | Abyss:5  | Entered Level 5 of the Abyss
 75029 | Abyss:5  | Found a corrupted altar of Lugonu.
 75136 | Depths:3 | Escaped the Abyss
 75146 | Depths:3 | Lost mutation: You are very weak. (Str -4) [potion of
                  | mutation]
 75146 | Depths:3 | Lost mutation: You are very frail. (-20% HP) [potion of
                  | mutation]
 75146 | Depths:3 | Lost mutation: Your spells are a little easier to cast, but
                  | a little less powerful. [potion of mutation]
 75146 | Depths:3 | Gained mutation: You are very weak. (Str -4) [potion of
                  | mutation]
 75146 | Depths:3 | Gained mutation: You are covered in fur. (AC +1) [potion of
                  | mutation]
 75147 | Depths:3 | Lost mutation: You are frail. (-10% HP) [potion of
                  | mutation]
 75147 | Depths:3 | Gained mutation: Your mind is acute. (Int +2) [potion of
                  | mutation]
 75147 | Depths:3 | Gained mutation: You have very sharp teeth. [potion of
                  | mutation]
 75148 | Depths:3 | Lost mutation: Your mind is acute. (Int +2) [potion of
                  | mutation]
 75148 | Depths:3 | Lost mutation: You are clumsy. (Dex -2) [potion of
                  | mutation]
 75148 | Depths:3 | Gained mutation: Your mind is acute. (Int +2) [potion of
                  | mutation]
 75148 | Depths:3 | Gained mutation: You evolve. [potion of mutation]
 75445 | Slime:1  | Entered Level 1 of the Pits of Slime
 75955 | Slime:2  | Received a gift from Trog
 75964 | Slime:2  | Gained mutation: Armour fits poorly on your strangely
                  | shaped body. [a shining eye]
 76023 | Slime:2  | Lost mutation: You are very weak. (Str -4) [evolution]
 76106 | Slime:3  | Reached skill level 27 in Armour
 76370 | Slime:4  | Gained mutation: You are frail. (-10% HP) [a shining eye]
 76895 | Slime:2  | Received a gift from Trog
 77388 | Slime:5  | Entered Level 5 of the Pits of Slime
 77684 | Slime:5  | Received a gift from Trog
 77807 | Slime:5  | Gained mutation: You occasionally shout uncontrollably at
                  | your foes. [a shining eye]
 77810 | Slime:5  | Gained mutation: Your spells are a little easier to cast,
                  | but a little less powerful. [a shining eye]
 77813 | Slime:5  | Gained mutation: You sometimes yell uncontrollably at your
                  | foes. [a shining eye]
 77815 | Slime:5  | Gained mutation: You do not regenerate when monsters are
                  | visible. [a shining eye]
 78297 | Slime:5  | Noticed the Royal Jelly
 78407 | Slime:5  | Killed the Royal Jelly
 78600 | Slime:5  | Got a slimy rune of Zot
 78647 | Slime:5  | Got a twisted battleaxe
 78717 | Slime:5  | Got a coiled lead amulet
 78736 | Slime:5  | Identified the +7 battleaxe of Trauma {chaos, rC+ Int-4
                  | Stlth+} (You found it on level 5 of the Pits of Slime)
 78745 | Slime:5  | Identified the amulet "Kotiezal" {Acrobat -Tele Str+9 Int+5
                  | Dex-3} (You found it on level 5 of the Pits of Slime)
 79178 | Crypt:1  | Entered Level 1 of the Crypt
 79448 | Crypt:1  | Found a runed gate.
 79448 | Crypt:1  | Found a runed gate.
 79448 | Crypt:1  | Found a runed gate.
 79449 | Crypt:1  | Noticed zkyp's ghost (veteran HOHu)
 79450 | Crypt:1  | Noticed tstbtto's ghost (master GrBe)
 79451 | Crypt:1  | Noticed Pedghagu's ghost (adept GrFi)
 79454 | Crypt:1  | Noticed Moirulut's ghost (adept GrFi)
 79472 | Crypt:1  | Killed Pedghagu's ghost
 79772 | Crypt:1  | Received a gift from Trog
 79873 | Crypt:1  | Killed tstbtto's ghost
 79894 | Crypt:1  | Killed Moirulut's ghost
 79904 | Crypt:1  | Killed zkyp's ghost
 80194 | Crypt:1  | Got an iridescent great sword
 80207 | Crypt:1  | Found the +5 demon whip "Spellbinder" {antimagic, MR+}
 80214 | Crypt:1  | Identified the +4 great sword of Ashenzari's Delight
                  | {slice, Str+3 SInv} (You found it on level 1 of the Crypt)
 80397 | Crypt:1  | You fall through a shaft!
 80473 | Crypt:2  | Reached skill level 27 in Dodging
 80503 | Crypt:2  | Reached skill level 1 in Polearms
 80637 | Crypt:2  | Reached skill level 1 in Staves
 80902 | Crypt:2  | Reached skill level 5 in Staves
 80918 | Crypt:2  | Received a gift from Trog
 81334 | Crypt:3  | Entered Level 3 of the Crypt
 81405 | Crypt:3  | Noticed Bai Suzhen
 81423 | Crypt:3  | Killed Bai Suzhen
 81448 | Crypt:3  | Noticed Khufu
 81449 | Crypt:3  | Noticed a greater mummy
 81455 | Crypt:3  | Noticed a greater mummy
 81458 | Crypt:3  | Killed Khufu
 81458 | Crypt:3  | Reached skill level 10 in Staves
 81767 | Crypt:3  | Killed a greater mummy
 81771 | Crypt:3  | Killed a greater mummy
 82046 | Crypt:3  | Received a gift from Trog
 82455 | Crypt:3  | Found a staircase to the Tomb.
 82647 | Crypt:3  | Found a runed gate.
 82649 | Crypt:3  | Found a runed gate.
 82651 | Crypt:3  | Found a runed gate.
 82654 | Crypt:3  | Noticed Funu's ghost (adept GrFi)
 82681 | Crypt:3  | Killed Funu's ghost
 82834 | Crypt:3  | Found an ancient bone altar of Kikubaaqudgha.
 82952 | Crypt:3  | Received a gift from Trog
 82955 | Crypt:3  | Got a shimmering executioner's axe {god gift}
 82958 | Crypt:3  | Identified the +9 executioner's axe of the Sun {flame,
                  | rElec rPois rN+} (Trog gifted it to you on level 3 of the
                  | Crypt)
 83154 | Crypt:3  | Reached skill level 15 in Staves
 83165 | Crypt:3  | Noticed an ancient lich
 83189 | Crypt:3  | Killed an ancient lich
 83357 | Crypt:3  | Found the +10 dark maul {crush}
 83401 | Crypt:3  | Got a clouded platinum amulet
 83407 | Crypt:3  | Got a steaming glass ring
 83440 | Crypt:3  | Identified the amulet of Beogo {Inacc rC+ Str+4 Int-3} (You
                  | found it on level 3 of the Crypt)
 83442 | Crypt:3  | Identified the ring "Vixzuom" {rPois rC- rN+ EV+4} (You
                  | found it on level 3 of the Crypt)
 83742 | Vaults:5 | Bought the +7 lajatang of Order {silver, rMut} for 2191
                  | gold pieces
 83742 | Vaults:5 | Found the +7 lajatang of Order {silver, rMut}
 83777 | Vaults:5 | Lost mutation: You sometimes yell uncontrollably at your
                  | foes. [potion of mutation]
 83777 | Vaults:5 | Lost mutation: You are partially covered in yellow scales.
                  | (AC +2) [potion of mutation]
 83777 | Vaults:5 | Lost mutation: Your movements are slightly less encumbered
                  | by armour. (ER -2) [potion of mutation]
 83777 | Vaults:5 | Gained mutation: Your system is resistant to poisons.
                  | (rPois) [potion of mutation]
 83778 | Vaults:5 | Lost mutation: You occasionally shout uncontrollably at
                  | your foes. [potion of mutation]
 83778 | Vaults:5 | Lost mutation: Your mind is acute. (Int +2) [potion of
                  | mutation]
 83778 | Vaults:5 | Lost mutation: Your spells are a little easier to cast, but
                  | a little less powerful. [potion of mutation]
 83778 | Vaults:5 | Gained mutation: Your flesh is cold resistant. (rC+)
                  | [potion of mutation]
 83778 | Vaults:5 | Gained mutation: You are partially covered in molten
                  | scales. (AC +2) [potion of mutation]
 84100 | Zot:1    | Entered Level 1 of the Realm of Zot
 84422 | Zot:1    | Noticed an ancient lich
 84566 | Zot:1    | Killed an ancient lich
 84685 | Zot:1    | Received a gift from Trog
 85410 | Zot:1    | Upgraded the game from 0.23-a0-558-g30802b1 to
                  | 0.23-a0-565-g3e74e4c
 86654 | Zot:2    | Found a transporter.
 86680 | Zot:2    | Noticed an orb of fire
 86847 | Zot:2    | Noticed an orb of fire
 86849 | Zot:2    | Noticed an ancient lich
 86913 | Zot:2    | Noticed an ancient lich
 86923 | Zot:2    | Found a transporter.
 86927 | Zot:2    | Received a gift from Trog
 88305 | Zot:2    | Killed an ancient lich
 88309 | Zot:2    | Killed an orb of fire
 88315 | Zot:2    | Received a gift from Trog
 88326 | Zot:2    | Killed an ancient lich
 88330 | Zot:2    | Killed an orb of fire
 88392 | Zot:2    | Got a pair of faintly glowing gloves
 88400 | Zot:2    | Got a scintillating granite ring
 88404 | Zot:2    | Identified the ring of the Prince {MR+ Dex+2} (You found it
                  | on level 2 of the Realm of Zot)
 88411 | Zot:2    | Identified the cursed +0 pair of gloves of the Enchanted
                  | Forest {rC+ SInv} (You found it on level 2 of the Realm of
                  | Zot)
 88820 | Zot:4    | Got a pair of scorched boots
 88823 | Zot:4    | Identified the cursed -7 pair of boots of the Bagpipe
                  | {Str+3} (You found it on level 4 of the Realm of Zot)
 89045 | Zot:4    | Found a transporter.
 89045 | Zot:4    | Noticed Hoexel's ghost (master VSFi)
 89049 | Zot:4    | Found a transporter.
 89236 | Zot:4    | Killed Hoexel's ghost
 89244 | Zot:4    | Reached skill level 15 in Evocations
 89406 | Zot:5    | Entered Level 5 of the Realm of Zot
 89785 | Zot:5    | Received a gift from Trog
 89950 | Zot:5    | Gained mutation: You occasionally shout uncontrollably at
                  | your foes. [evolution]
 89950 | Zot:5    | Lost mutation: You evolve. [end of evolution]
 90074 | Zot:5    | Noticed an orb of fire
 90086 | Zot:5    | Killed an orb of fire
 90095 | Zot:5    | Noticed an orb of fire
 90097 | Zot:5    | Noticed an orb of fire
 90100 | Zot:5    | Gained mutation: Your body sometimes deteriorates upon
                  | taking damage. [an orb of fire]
 90110 | Zot:5    | Gained mutation: You are dopey. (Int -2) [an orb of fire]
 90113 | Zot:5    | Gained mutation: Scrolls take you a little longer to read.
                  | [an orb of fire]
 90121 | Zot:5    | Killed an orb of fire
 90139 | Zot:5    | Killed an orb of fire
 90207 | Zot:5    | Lost mutation: You are dopey. (Int -2) [potion of mutation]
 90207 | Zot:5    | Lost mutation: You are frail. (-10% HP) [potion of
                  | mutation]
 90207 | Zot:5    | Gained mutation: You are agile. (Dex +2) [potion of
                  | mutation]
 90208 | Zot:5    | Lost mutation: Your body sometimes deteriorates upon taking
                  | damage. [potion of mutation]
 90208 | Zot:5    | Lost mutation: You occasionally shout uncontrollably at
                  | your foes. [potion of mutation]
 90208 | Zot:5    | Lost mutation: Armour fits poorly on your strangely shaped
                  | body. [potion of mutation]
 90208 | Zot:5    | Lost mutation: You are weak. (Str -2) [potion of mutation]
 90549 | Zot:5    | Noticed an ancient lich
 90565 | Zot:5    | Killed an ancient lich
 90567 | Zot:5    | Noticed an orb of fire
 90569 | Zot:5    | Noticed an orb of fire
 90573 | Zot:5    | Killed an orb of fire
 90583 | Zot:5    | Killed an orb of fire
 90583 | Zot:5    | Reached skill level 27 in Staves
 90983 | Zot:5    | Noticed an orb of fire
 90984 | Zot:5    | Gained mutation: Your body sometimes deteriorates upon
                  | taking damage. [an orb of fire]
 90989 | Zot:5    | Gained mutation: Armour fits poorly on your strangely
                  | shaped body. [an orb of fire]
 90996 | Zot:5    | Killed an orb of fire
 91254 | Zot:5    | Noticed an orb of fire
 91265 | Zot:5    | Killed an orb of fire
 91710 | Zot:5    | Reached skill level 1 in Throwing
 91821 | Zot:5    | Noticed an orb of fire
 91832 | Zot:5    | Killed an orb of fire
 91856 | Zot:5    | Reached skill level 5 in Throwing
 92056 | Hell     | Entered the Vestibule of Hell
 92056 | Hell     | Noticed Geryon
 92128 | Depths:5 | Received a gift from Trog
 92507 | Depths:5 | Upgraded the game from 0.23-a0-565-g3e74e4c to
                  | 0.23-a0-577-g2b1de94
 92564 | Hell     | Received a gift from Trog
 92862 | Hell     | Reached skill level 10 in Throwing
 92868 | Hell     | Noticed an ancient lich
 92872 | Hell     | Killed Geryon
 92888 | Hell     | Killed an ancient lich
 92928 | Hell     | Found a gateway to the ashen valley of Gehenna.
 93036 | Hell     | Found a gateway to the Iron City of Dis.
 93118 | Hell     | Found a gateway to the freezing wastes of Cocytus.
 93228 | Hell     | Found a gateway to the decaying netherworld of Tartarus.
 93298 | Geh:1    | Entered Level 1 of Gehenna
 93784 | Geh:2    | Received a gift from Trog
 93968 | Geh:2    | Received a gift from Trog
 94509 | Geh:4    | Received a gift from Trog
 94512 | Geh:4    | Got a slimy quarterstaff {god gift}
 94515 | Geh:4    | Identified the +4 quarterstaff of Itujub {protect, *Slow
                  | +Inv Str+3 Dex+3} (Trog gifted it to you on level 4 of
                  | Gehenna)
 95112 | Geh:5    | Received a gift from Trog
 95320 | Geh:5    | Received a gift from Trog
 96066 | Geh:6    | Received a gift from Trog
 96427 | Geh:6    | Received a gift from Trog
 96942 | Geh:3    | Received a gift from Trog
 96946 | Geh:3    | Got a shimmering battleaxe {god gift}
 96949 | Geh:3    | Identified the +8 battleaxe "Rummut" {venom, rF+ MR+} (Trog
                  | gifted it to you on level 3 of Gehenna)
 97072 | Geh:5    | Reached skill level 15 in Throwing
 97159 | Geh:7    | Entered Level 7 of Gehenna
 97775 | Geh:4    | Received a gift from Trog
 97861 | Geh:7    | Received a gift from Trog
 98523 | Geh:7    | Received a gift from Trog
 99281 | Geh:7    | Received a gift from Trog
 99303 | Geh:7    | Noticed the Serpent of Hell
 99365 | Geh:7    | HP: 11/273 [the Serpent of Hell (5)]
 99368 | Geh:7    | HP: 2/273 [the Serpent of Hell/fireball (8)]
 99370 | Geh:7    | Engulfed by the Serpent of Hell's flame

Vault maps used:
D:1:      dpeg_arrival_tiny_d, minmay_misc_feat_more_columns
D:2:      okawaru_altar_gauntlet_db, first_ration
D:3:      gammafunk_steamed_eel, chequers_ecumenical_altar_grove
D:4:      grunt_temple_overflow_diamond
D:5:      kennysheep_mini_moat, st_stairs_13
D:6:      overflow_temple_1_default, elyvilon_altar_5
D:7:      minmay_temple_entry_sparse_star, the_bakery, uniq_duvessa
D:8:      kiku_gazebo_garden_becter, lemuel_round_altar
D:9:      minmay_twisted_water, basic_altar
D:10:     grunt_lair_entry_orc_guard_hut, david_orc_2, ebering_ghost_xom,
          nicolae_ru_sacrificial_ziggurat
D:11:     serial_shops, shop, grunt_ministairs_15, minmay_misc_feat_x,
          uniq_erolcha
D:12:     serial_shops, shop_scrolls, minmay_beelzebubs_servants
D:13:     minmay_stepped, serial_park, serial_park_tiny_1, serial_park_avenue1
D:14:     david_vaults_2, minmay_misc_feat_plants, dk_noncrumbling_2
D:15:     hangedman_depths_entry_try_elsewhere_first, minmay_stone_trees_small,
          serial_shops, nicolae_shop_competitors_out_of_business,
          minmay_misc_feat_nine_boxes
Temple:   nicolae_temple_figure_eight
Lair:1:   ebering_ghost_inner_flame, minmay_lair_oklob_chamber,
          infiniplex_staircase_pool
Lair:2:   shoals_dummy_entry, spider_nest_entry_rubble, special_room,
          lemuel_centaur_altar, uniq_harold
Lair:4:   beast_lair_carwin_5
Lair:6:   guppyfry_lair_end_dragon, hangedman_lair_tendril_chambers,
          slime_altar_2, lab_entry_generic, serial_bayou, serial_bayou_lagoon_a,
          serial_bayou_pond_b, kennysheep_abandoned_house
Shoals:1: ebering_ghost_gozag
Shoals:2: uniq_kirke
Shoals:4: shoals_end_simple, ebering_ghost_inner_flame
Spider:1: spider_trap, hangedman_spider_mandibles, hangedman_spider_trapstep
Spider:2: gammafunk_ghost_arena
Spider:3: ebering_ghost_rock_garden, nicolae_spider_cling_ruins
Spider:4: floodkiller_spider_rune_tomb, nicolae_spider_ant_collections,
          uniq_arachne
Slime:2:  cheibrodos_slime_lost_civilization_6
Orc:1:    basic_altar, led_sif_book, uniq_nergalle, uniq_fannar
Orc:2:    pf_orc_diabolical, ebering_ghost_inner_flame, uniq_nessos
Elf:1:    elf_arrival_002, serial_shops, nicolae_shop_stone,
          minmay_elf_demonology, nicolae_rare_books, minmay_the_grid_2x2
Elf:2:    portal_desolation_entry_salt, grunt_ministairs_10
Elf:3:    elf_hall_gauntlet_narrow, spider_trap, not_door_vault_due
Vaults:1: v_misc_25, hangedman_vaults_stagger, v_misc_32,
          nicolae_vaults_ring_of_whatevers, v_misc_14, v_misc_33,
          grunt_vaults_focal, nicolae_vaults_stairing_the_circle, v_rooms_5,
          v_alt_pattern_6, v_alt_pattern_1, vaults_dpeg_hooks,
          vaults_room_hallway, uniq_saint_roka
Vaults:2: minmay_crypt_entry_nasty_monster, nicolae_vaults_murderbox,
          grunt_vaults_funnel, grunt_vaults_bifocal, grunt_vaults_hallway_short,
          grunt_vaults_swirl, vaults_room_fancy_cross, v_rooms_2,
          ontoclasm_vaults_ring_small, v_rooms_1, vaults_room_fancy_cross,
          vaults_room_corners, grunt_vaults_hallway_short, v_misc_3
Vaults:3: vaults_mumra_lcd, ontoclasm_vaults_ligature, hangedman_vaults_pinch,
          vaults_dpeg_spiral, nicolae_vaults_ring_of_whatevers,
          ontoclasm_vaults_gateway, v_misc_27, ontoclasm_vaults_eye,
          vaults_room_pool, nicolae_vaults_little_squares_5, serial_shops,
          shop_fountains, uniq_mara, uniq_nikola
Vaults:4: v_misc_4, v_alt_pattern_2, vaults_room_semicircle,
          nicolae_vaults_ninety_degrees, vaults_standard_mumra_x, v_misc_3,
          nicolae_vaults_mini_display_case, nicolae_vaults_minivaults,
          v_misc_15, v_misc_22, nicolae_vaults_little_squares_4,
          nicolae_vaults_little_squares_6
Vaults:5: serial_shops, uniq_frederick, uniq_jory
Crypt:1:  gammafunk_ghost_cemetery
Crypt:3:  church_of_pain_bobbens, gammafunk_ghost_necromancy, tombwall_bobbens,
          uniq_bai_suzhen, uniq_khufu
Depths:1: enter_ziggurat_b, kennysheep_cross_room, hell_entry,
          minmay_misc_feat_diagonals, kennysheep_generic_room_2
Depths:2: minmay_inside_and_out, special_room, pf_hell_entry_great_geh,
          infiniplex_staircase_pool_2
Depths:3: hangedman_crystal_crosses_colossus, pan_entry, hell_entry, abyss_entry
Depths:4: hangedman_arch_fort, serial_shops, shop, nrook_uturn,
          abyss_entry_crystal, hangedman_tar_grid_catacomb,
          grunt_pan_entry_sceptre, kennysheep_underground_church
Depths:5: grunt_zot_entry_gee_three, chequers_serial_rivers_small_b, hell_entry
Geh:5:    door_vault
Geh:7:    geh_grunt
Zot:1:    hangedman_zot_vaults_quadrants
Zot:2:    gammafunk_the_bubble, basic_loot_grate_trap
Zot:3:    stair_cage_line
Zot:4:    gammafunk_ghost_arena, lemuel_baited_zot_trap
Abyss:1:  evilmike_abyss_exit_6
Abyss:2:  hangedman_abyss_or_decor_jellyfish_corner
Abyss:3:  evilmike_abyss_exit_16, evilmike_abyss_rune_tso_outpost,
          evilmike_abyss_exit_3, hangedman_abyss_or_decor_stabs
Abyss:4:  grunt_abyss_rune_forest_and_sorcery,
          dshaligram_kb_abyss_rune_zappy_water_cross, evilmike_abyss_exit_13,
          hangedman_abyss_or_decor_jellyfish_corner, minivault_4
Abyss:5:  evilmike_abyss_exit_plants, hangedman_abyss_batty_box,
          small_statue_intersection, bh_abyss_exit_spiral
Lab:      labyrinth_hidden_loot, nicolae_lab_dead_end, lab_fountain,
          nicolae_lab_hexagon, nicolae_lab_lava, labyrinth_lava_lair,
          labyrinth_fake_exit, nicolae_lab_flowing_pool

Skill      XL: |  1  2  3  4  5  6  7  8  9 10 11 12 13 14 15 16 17 18 19 20 21 22 23 24 25 26 27 |
---------------+----------------------------------------------------------------------------------+-----
Axes           | 4 5 6 8 9 11 12 14 16 17 19 20 21 22 23 24 25 26 27 | 27.0
Fighting       | 4 5 6 7 8 9 11 12 13 14 15 16 17 18 19 20 21 23 25 26 27 | 27.0
Armour         | 3 4 5 6 8 9 10 11 13 14 15 16 17 18 19 20 21 22 23 24 26 27 | 27.0
Dodging        | 3 4 6 7 8 9 11 12 13 14 15 16 17 18 19 20 21 22 24 27 | 27.0
Evocations     | 3 5 7 9 19 | 19.6
Polearms       | 2 |  2.3
Staves         | 27 | 27.0
Throwing       | 17 | 17.0

Action                   |  1- 3 |  4- 6 |  7- 9 | 10-12 | 13-15 | 16-18 | 19-21 | 22-24 | 25-27 || total
-------------------------+-------+-------+-------+-------+-------+-------+-------+-------+-------++-------
Melee: Hand axe          |   101 |    44 |       |   221 |       |       |       |       |       ||   366
       Headbutt          |    16 |    16 |    62 |   134 |   236 |   352 |   359 |   433 |  1536 ||  3144
       War axe           |       |    65 |   287 |       |       |       |       |       |       ||   352
       Executioner's axe |       |       |       |   334 |   978 |  1403 |  1251 |  1250 |  4280 ||  9496
       Battleaxe         |       |       |       |    23 |       |       |       |       |       ||    23
       Morningstar       |       |       |       |    12 |     3 |       |       |       |       ||    15
       Spear             |       |       |       |       |    59 |       |       |       |       ||    59
       Bite              |       |       |       |       |       |       |       |       |   617 ||   617
       Lajatang          |       |       |       |       |       |       |       |       |    36 ||    36
Throw: Throwing net      |       |       |       |       |     1 |       |     4 |       |     1 ||     6
Invok: Berserk           |       |       |     2 |    15 |     3 |     6 |     5 |       |       ||    31
       Brothers in Arms  |       |       |       |     3 |       |       |       |       |       ||     3
       Trog's Hand       |       |       |       |       |       |     1 |       |       |       ||     1
Evoke: Wand              |       |       |       |     1 |     3 |     7 |       |     1 |    19 ||    31
       Phantom mirror    |       |       |       |       |       |       |       |       |     3 ||     3
  Use: Scroll            |       |     4 |     9 |     7 |    23 |    11 |     9 |    12 |    34 ||   109
       Potion            |       |       |       |       |     2 |     3 |       |     2 |    38 ||    45
 Stab: Held in net/web   |       |       |       |       |     1 |       |       |       |     4 ||     5
       Petrified         |       |       |       |       |     3 |       |       |       |     3 ||     6
       Distracted        |       |       |       |       |       |       |       |       |     3 ||     3
       Invisible         |       |       |       |       |       |       |       |       |     2 ||     2
  Eat: Chunk             |     2 |     9 |     9 |    19 |    33 |    46 |    39 |    35 |    22 ||   214
       Ration            |       |       |     1 |     7 |     3 |    10 |     1 |     1 |    24 ||    47
Armor: Animal skin       |     7 |       |       |       |       |       |       |       |       ||     7
       Ring mail         |    29 |    18 |       |       |       |       |       |       |       ||    47
       Chain mail        |       |    38 |    49 |       |       |       |       |       |       ||    87
       Gold dragon scale |       |       |   193 |   682 |   797 |  1497 |   587 |   736 |  2008 ||  6500
       Plate armour      |       |       |       |       |    10 |       |       |       |       ||    10
Dodge: Dodged            |    67 |    81 |    91 |   293 |   745 |  1696 |   910 |  1383 |  5022 || 10288

Table legend:
 A = Non-vault XP
 B = Vault XP
 C = Vault XP percentage of total XP
 D = Non-vault monster count
 E = Vault monster count
 F = Vault count percentage of total count
                 A         B        C        D         E       F
            +---------+---------+-------+---------+---------+-------
      Total | 1608488 | 1256819 |  43.9 |    2793 |    1282 |  31.5
            +---------+---------+-------+---------+---------+-------
        D:1 |      34 |       0 |   0.0 |      21 |       0 |   0.0
        D:2 |      66 |      12 |  15.4 |      17 |       6 |  26.1
        D:3 |     243 |     161 |  39.9 |      17 |       3 |  15.0
        D:4 |      92 |       0 |   0.0 |       8 |       0 |   0.0
        D:5 |     495 |      13 |   2.6 |      15 |       1 |   6.2
        D:6 |     615 |       0 |   0.0 |      24 |       0 |   0.0
        D:7 |     617 |     452 |  42.3 |      13 |       3 |  18.8
        D:8 |    1123 |       0 |   0.0 |      12 |       0 |   0.0
        D:9 |    1459 |    2585 |  63.9 |      17 |      20 |  54.1
       D:10 |    5238 |    2386 |  31.3 |      47 |      13 |  21.7
       D:11 |    4483 |    1626 |  26.6 |      28 |      10 |  26.3
       D:12 |    6122 |    3254 |  34.7 |      45 |       9 |  16.7
       D:13 |    7437 |    7165 |  49.1 |      18 |      13 |  41.9
       D:14 |    7731 |    4166 |  35.0 |      28 |      11 |  28.2
       D:15 |   17886 |    1764 |   9.0 |      50 |       4 |   7.4
     Lair:1 |    3934 |    3781 |  49.0 |      18 |       8 |  30.8
     Lair:2 |   10495 |    3005 |  22.3 |      32 |      23 |  41.8
     Lair:3 |    3146 |    2322 |  42.5 |      12 |       4 |  25.0
     Lair:4 |    3036 |    1082 |  26.3 |      11 |       3 |  21.4
     Lair:5 |    6156 |       0 |   0.0 |      22 |       0 |   0.0
     Lair:6 |   10580 |   15924 |  60.1 |      29 |      68 |  70.1
   Shoals:1 |    9240 |    4998 |  35.1 |      18 |       8 |  30.8
   Shoals:2 |   21489 |    2532 |  10.5 |      36 |       4 |  10.0
   Shoals:3 |   16929 |       0 |   0.0 |      34 |       0 |   0.0
   Shoals:4 |   16882 |   23909 |  58.6 |      36 |      38 |  51.4
   Spider:1 |   10207 |    2320 |  18.5 |      31 |       7 |  18.4
   Spider:2 |   20000 |    4502 |  18.4 |      48 |       8 |  14.3
   Spider:3 |   14493 |    1924 |  11.7 |      37 |       2 |   5.1
   Spider:4 |   15715 |   41950 |  72.7 |      41 |      82 |  66.7
    Slime:1 |   30252 |       0 |   0.0 |      60 |       0 |   0.0
    Slime:2 |   16129 |       0 |   0.0 |      22 |       0 |   0.0
    Slime:3 |   21074 |       0 |   0.0 |      24 |       0 |   0.0
    Slime:4 |   31876 |       0 |   0.0 |      49 |       0 |   0.0
    Slime:5 |   19225 |   30544 |  61.4 |      22 |      13 |  37.1
      Orc:1 |   13348 |    1881 |  12.4 |      63 |       4 |   6.0
      Orc:2 |    2259 |   19351 |  89.5 |      31 |      59 |  65.6
      Elf:1 |   16246 |   17230 |  51.5 |      27 |      29 |  51.8
      Elf:2 |   16320 |   27118 |  62.4 |      26 |      35 |  57.4
      Elf:3 |   14163 |   46645 |  76.7 |      22 |      38 |  63.3
   Vaults:1 |   25096 |   34493 |  57.9 |      42 |      52 |  55.3
   Vaults:2 |   43355 |   33356 |  43.5 |      58 |      37 |  38.9
   Vaults:3 |   17717 |   12008 |  40.4 |      39 |       8 |  17.0
   Vaults:4 |   36461 |   60807 |  62.5 |      56 |      60 |  51.7
   Vaults:5 |   39609 |  104944 |  72.6 |      62 |      64 |  50.8
    Crypt:1 |   22879 |   16511 |  41.9 |      42 |       4 |   8.7
    Crypt:2 |   39768 |       0 |   0.0 |      58 |       0 |   0.0
    Crypt:3 |   30112 |  100860 |  77.0 |      38 |      94 |  71.2
   Depths:1 |   56113 |   12611 |  18.4 |      77 |      16 |  17.2
   Depths:2 |   34870 |   22976 |  39.7 |      49 |      19 |  27.9
   Depths:3 |    1423 |   71025 |  98.0 |       1 |      55 |  98.2
   Depths:4 |   40251 |   49524 |  55.2 |      47 |      41 |  46.6
   Depths:5 |   46052 |   63819 |  58.1 |      46 |      48 |  51.1
       Hell |   16164 |   29243 |  64.4 |      23 |      45 |  66.2
      Geh:1 |    8607 |       0 |   0.0 |      27 |       0 |   0.0
      Geh:2 |   38112 |       0 |   0.0 |      71 |       0 |   0.0
      Geh:3 |    6407 |       0 |   0.0 |      18 |       0 |   0.0
      Geh:4 |   35156 |       0 |   0.0 |      86 |       0 |   0.0
      Geh:5 |   23207 |       0 |   0.0 |      33 |       0 |   0.0
      Geh:6 |   43056 |       0 |   0.0 |      94 |       0 |   0.0
      Geh:7 |   60798 |   20877 |  25.6 |      89 |      29 |  24.6
      Zot:1 |   79134 |   30839 |  28.0 |      46 |      10 |  17.9
      Zot:2 |   70600 |   63605 |  47.4 |      46 |      21 |  31.3
      Zot:3 |   56516 |       0 |   0.0 |      32 |       0 |   0.0
      Zot:4 |   34849 |   27213 |  43.8 |      19 |      14 |  42.4
      Zot:5 |   74105 |  162763 |  68.7 |      44 |      39 |  47.0
    Abyss:1 |   41363 |    6070 |  12.8 |      66 |       2 |   2.9
    Abyss:2 |   33541 |       0 |   0.0 |      81 |       0 |   0.0
    Abyss:3 |  118814 |    3299 |   2.7 |     223 |       9 |   3.9
    Abyss:4 |   35080 |    7495 |  17.6 |      63 |       8 |  11.3
    Abyss:5 |    2438 |       0 |   0.0 |       6 |       0 |   0.0
        Lab |       0 |    1790 | 100.0 |       0 |       3 | 100.0
 Desolation |       0 |   46089 | 100.0 |       0 |      78 | 100.0
            +---------+---------+-------+---------+---------+-------
